Aeros vs Monsters

Created - Monday, February 16, 2015 at 23:24

Goals
1 2 3 T
Aeros 3 0 2 5
Monsters 0 3 0 3
Shots
1 2 3 T
Aeros 11 3 10 24
Monsters 7 9 7 23

1st period

1. Aeros , Joel Chouinard 3 (Bretton Stamler, Colin Stuart) at 7:13
2. Aeros , Craig Cunningham 10 (Warren Peters) at 11:32
3. Aeros , Jason Zucker 30 (Andrew Gordon, Dana Tyrell) at 11:38

Penalties :
Matthew Corrente (LAM) for Fighting (Major) at 2:57, Ilari Melart (HOU) for Fighting (Major) at 2:57, Ilari Melart (HOU) for instigated a fight (Minor) at 2:57, Ilari Melart (HOU) for instigated a fight (10 Minutes Misconduct) at 2:57, Matthew Corrente (LAM) for Fighting (Major) at 13:09, Jon Landry (HOU) for Fighting (Major) at 13:09

2nd period

4. Monsters , Jordan Szwarz 7 (Andrej Nestrasil) at 0:49
5. Monsters , Ben Street 21 (Raphael Bussieres, Brett Hextall) at 9:31
6. Monsters , Ben Street 22 (Raphael Bussieres) at 10:25

Penalties :
Jon Landry (HOU) for Hooking (Minor) at 2:24, Farm Player13 (LAM) for Hooking (Minor) at 4:34, Raphael Bussieres (LAM) for Fighting (Major) at 12:28, Ilari Melart (HOU) for Fighting (Major) at 12:28, Colin Stuart (HOU) for Roughing (Minor) at 17:30

3rd period

7. Aeros , Brodie Dupont 3 (Matthew Pistilli, Colin Stuart) at 5:54
8. Aeros , Cam Janssen 35 (Craig Cunningham, Warren Peters) at 15:09

Penalties :
Matthew Corrente (LAM) for Fighting (Major / Game Misconduct) at 0:07, Jon Landry (HOU) for Fighting (Major) at 0:07, Warren Peters (HOU) for Hooking (Minor) at 16:45

Goalie Stats

David Leggio (HOU), 20 saves from 23 shots - (0.870), W, 13-3-3, 60:00 minutes
Farm Player80 (LAM), 19 saves from 24 shots - (0.792), L, 1-50-1, 57:49 minutes
Farm Player100 (LAM), 0 saves from 0 shots - (0.000), 2:11 minutes

Players Stats for Aeros

Player Name              G  A  P  +/- PIM S  H  SB GA TA FO     MP     PP MP  PK MP  
------------------------------------------------------------------------------------
Andrew Gordon            0  1  1   0  0   2  1  0  2  1  2/6    21:14   0:47   6:02 
Bretton Stamler          0  1  1   1  0   0  4  0  1  1  0/0    22:10   0:00   1:27 
Brodie Dupont            1  0  1   2  0   1  4  0  2  0  3/4    12:25   0:00   0:00 
Cam Janssen              1  0  1   1  0   5  2  0  2  1  1/1    16:50   1:12   0:31 
Colin Stuart             0  2  2   2  2   3  2  0  6  1  0/0    15:14   0:47   1:22 
Craig Cunningham         1  1  2   1  0   1  3  0  3  0  0/1    17:05   1:12   1:32 
Dana Tyrell              0  1  1   0  0   3  2  0  1  2  7/16   20:27   0:00   6:02 
Danny Hobbs              0  0  0  -1  0   0  4  0  2  0  1/1     9:41   1:12   0:00 
Ilari Melart             0  0  0  -1  22  0  0  0  0  0  0/0     8:02   0:00   0:00 
Jani Hakanpaa            0  0  0   1  0   0  0  0  1  0  0/0    23:34   0:51   5:33 
Jason Zucker             1  0  1   0  0   2  2  0  2  0  0/0    13:40   0:00   0:00 
Joel Chouinard           1  0  1   0  0   2  1  1  0  1  0/0    21:52   1:08   2:45 
Jon Landry               0  0  0   2  12  1  2  0  0  0  0/0    22:37   0:51   3:43 
Matthew Pistilli         0  1  1   2  0   3  1  0  0  1  0/1    12:25   0:00   0:00 
Mike Ullrich             0  0  0  -1  0   0  1  0  2  0  2/3     8:24   0:00   0:00 
Ryan Button              0  0  0   1  0   0  0  0  0  0  0/0    21:49   1:08   2:22 
Scott Campbell           0  0  0  -1  0   0  4  0  0  0  0/0     9:15   0:00   0:21 
Warren Peters            0  2  2   1  2   1  1  1  0  0  4/9    15:09   0:47   0:00 

Players Stats for Monsters

Player Name              G  A  P  +/- PIM S  H  SB GA TA FO     MP     PP MP  PK MP  
------------------------------------------------------------------------------------
Andrej Nestrasil         0  1  1  -1  0   0  2  1  0  1  5/13   24:17   3:57   0:36 
Andrew Joudrey           0  0  0   0  0   1  2  0  0  3  1/4    14:42   0:00   1:32 
Ben Street               2  0  2   0  0   7  1  0  4  1  10/14  18:31   0:00   1:23 
Brett Hextall            0  1  1   0  0   5  3  1  4  0  1/3    21:57   3:58   0:00 
Farm Player13            0  0  0  -2  2   0  1  0  0  0  0/0    21:22   3:48   0:00 
Farm Player17            0  0  0  -2  0   1  0  3  1  1  0/0    19:09   3:25   0:27 
Farm Player18            0  0  0  -1  0   0  0  0  0  0  0/0    12:14   0:00   0:09 
Farm Player32            0  0  0   0  0   0  0  0  0  0  0/0     1:21   0:00   0:00 
Farm Player33            0  0  0   1  0   0  0  1  0  1  0/0    21:08   2:02   0:00 
Farm Player35            0  0  0   0  0   0  0  0  1  1  0/0    16:34   0:00   0:09 
Farm Player39            0  0  0   0  0   0  0  0  1  0  0/0    12:08   0:00   0:00 
Gleason Fournier         0  0  0  -1  0   2  1  2  0  0  0/0    22:49   4:30   1:50 
Jordan Szwarz            1  0  1  -1  0   2  2  2  2  1  0/0    18:17   3:57   0:00 
Justin Mercier           0  0  0   0  0   0  0  0  0  0  0/0     0:00   0:00   0:00 
Matthew Corrente         0  0  0   0  25  1  0  0  1  1  0/0    12:40   2:05   1:50 
Max Friberg              0  0  0  -2  0   3  1  1  2  0  0/0    23:02   3:57   0:00 
Raphael Bussieres        0  2  2   0  5   1  1  0  3  1  0/1    20:07   3:58   0:00 
Tanner Richard           0  0  0  -1  0   0  1  0  0  4  5/7    17:33   3:58   0:00 

3 Stars

1 - Craig Cunningham (HOU)
2 - Ben Street (LAM)
3 - Brodie Dupont (HOU)

Power Play

Aeros - 0 on 1 Attempt(s) - 0.00%
Monsters - 0 on 4 Attempt(s) - 0.00%

Penalty Kill

Aeros - 4 on 4 Attempt(s) - 100.00% - Score 0 goal in Penalty Kill
Monsters - 1 on 1 Attempt(s) - 100.00% - Score 0 goal in Penalty Kill

Team Stat

Aeros - Hits : 34 - Faceoff Wins : 20 - Blocked Shots : 2 - Penalty Minutes : 38
Monsters - Hits : 15 - Faceoff Wins : 22 - Blocked Shots : 11 - Penalty Minutes : 32

Official

Referees : Unknown
Linesman : Unknown

Game Notes

Ilari Melart beats up Matthew Corrente at 2:57 of 1st period
Jon Landry beats up Matthew Corrente at 13:09 of 1st period
Ilari Melart beats up Raphael Bussieres at 12:28 of 2nd period
Matthew Corrente and Jon Landry fight to a draw at 0:07 of 3rd period
Matthew Corrente ejected from game at 0:07 of 3rd period
Farm Player80 is injured at 17:49 of 3rd period (Sore Right Knee)
Farm Player100 enters game at 17:49 of 3rd period

Finance

Level 1 -- Attendance: 1582 (79.10%) -- Ticket Income $55,370
Level 2 -- Attendance: 809 (80.90%) -- Ticket Income $12,135
Total Attendance: 2391 (79.70%)
Total Ticket Income: $67,505
Other Income: $33,077
Total Income: $100,582

Aeros

5 vs 5 Forward 
   Center                   Left Wing                Right Wing               Time % Phy DF OF 
 1 Dana Tyrell              Jason Zucker             Andrew Gordon            35     1   2  2  
 2 Warren Peters            Craig Cunningham         Cam Janssen              30     1   2  2  
 3 Brodie Dupont            Colin Stuart             Matthew Pistilli         22     1   2  2  
 4 Mike Ullrich             Scott Campbell           Danny Hobbs              13     1   2  2  

5 vs 5 Defense 
   Defense                  Defense                                           Time % Phy DF OF 
 1 Jon Landry               Ryan Button                                       35     1   2  2  
 2 Bretton Stamler          Joel Chouinard                                    30     1   2  2  
 3 Ilari Melart             Jani Hakanpaa                                     22     1   2  2  
 4 Jon Landry               Jani Hakanpaa                                     13     1   2  2  

PowerPlay Forward 
   Center                   Left Wing                Right Wing               Time % Phy DF OF 
 1 Warren Peters            Colin Stuart             Andrew Gordon            60     1   2  2  
 2 Danny Hobbs              Craig Cunningham         Cam Janssen              40     1   2  2  

PowerPlay Defense
   Defense                  Defense                                           Time % Phy DF OF 
 1 Jani Hakanpaa            Jon Landry                                        60     1   2  2  
 2 Joel Chouinard           Ryan Button                                       40     1   2  2  

Penalty Kill 4 Players Forward 
   Center                   Wing                     Time % Phy DF OF 
 1 Andrew Gordon            Dana Tyrell              60     1   2  2  
 2 Craig Cunningham         Colin Stuart             40     1   2  2  

Penalty Kill 4 Players Defense
   Defense                  Defense                  Time % Phy DF OF 
 1 Jani Hakanpaa            Jon Landry               60     1   2  2  
 2 Joel Chouinard           Ryan Button              40     1   2  2  

Penalty Kill - 3 Players Forward 
   Forward                                           Time % Phy DF OF 
 1 Andrew Gordon                                     60     1   2  2  
 2 Dana Tyrell                                       40     1   2  2  

Penalty Kill - 3 Players Defense
   Defense                  Defense                  Time % Phy DF OF 
 1 Jani Hakanpaa            Jon Landry               60     1   2  2  
 2 Joel Chouinard           Ryan Button              40     1   2  2  

4 vs 4 Forward 
   Center                   Wing                     Time % Phy DF OF 
 1 Andrew Gordon            Dana Tyrell              60     1   2  2  
 2 Craig Cunningham         Colin Stuart             40     1   2  2  

4 vs 4 Defense
   Defense                  Defense                  Time % Phy DF OF 
 1 Jani Hakanpaa            Jon Landry               60     1   2  2  
 2 Joel Chouinard           Ryan Button              40     1   2  2  

Last Minutes Offensive
   Center                   Left Wing                Right Wing               Defense                  Defense                  
   Warren Peters            Dana Tyrell              Andrew Gordon            Ryan Button              Jon Landry               

Last Minutes Defensive
   Center                   Left Wing                Right Wing               Defense                  Defense                  
   Warren Peters            Dana Tyrell              Andrew Gordon            Jani Hakanpaa            Jon Landry               

Goaltenders
Starting : David Leggio             
Backup : Harri Sateri             

Extra Forwards
Normal : Matthew Pistilli, Scott Campbell, Dana Tyrell - PP : Matthew Pistilli, Scott Campbell - PK : Cam Janssen
Extra Defensemen
Normal : Bretton Stamler, Jon Landry, Jani Hakanpaa - PP : Bretton Stamler - PK : Bretton Stamler, Jani Hakanpaa
Penalty Shots
Andrew Gordon, Jason Zucker, Craig Cunningham, Colin Stuart, Warren Peters

Monsters

5 vs 5 Forward 
   Center                   Left Wing                Right Wing               Time % Phy DF OF 
 1 Andrej Nestrasil         Max Friberg              Jordan Szwarz            35     1   2  2  
 2 Ben Street               Raphael Bussieres        Brett Hextall            30     1   2  2  
 3 Andrew Joudrey           Farm Player39            Andrej Nestrasil         22     1   2  2  
 4 Tanner Richard           Andrej Nestrasil         Max Friberg              13     1   2  2  

5 vs 5 Defense 
   Defense                  Defense                                           Time % Phy DF OF 
 1 Matthew Corrente         Gleason Fournier                                  35     1   2  2  
 2 Farm Player13            Farm Player17                                     30     1   2  2  
 3 Farm Player33            Farm Player35                                     22     1   2  2  
 4 Farm Player18            Matthew Corrente                                  13     1   2  2  

PowerPlay Forward 
   Center                   Left Wing                Right Wing               Time % Phy DF OF 
 1 Andrej Nestrasil         Max Friberg              Jordan Szwarz            60     1   2  2  
 2 Tanner Richard           Raphael Bussieres        Brett Hextall            40     1   2  2  

PowerPlay Defense
   Defense                  Defense                                           Time % Phy DF OF 
 1 Matthew Corrente         Gleason Fournier                                  60     1   2  2  
 2 Farm Player13            Farm Player17                                     40     1   2  2  

Penalty Kill 4 Players Forward 
   Center                   Wing                     Time % Phy DF OF 
 1 Andrej Nestrasil         Andrew Joudrey           60     1   2  2  
 2 Max Friberg              Jordan Szwarz            40     1   2  2  

Penalty Kill 4 Players Defense
   Defense                  Defense                  Time % Phy DF OF 
 1 Matthew Corrente         Gleason Fournier         60     1   2  2  
 2 Farm Player13            Farm Player17            40     1   2  2  

Penalty Kill - 3 Players Forward 
   Forward                                           Time % Phy DF OF 
 1 Andrej Nestrasil                                  60     1   2  2  
 2 Max Friberg                                       40     1   2  2  

Penalty Kill - 3 Players Defense
   Defense                  Defense                  Time % Phy DF OF 
 1 Matthew Corrente         Gleason Fournier         60     1   2  2  
 2 Farm Player13            Farm Player17            40     1   2  2  

4 vs 4 Forward 
   Center                   Wing                     Time % Phy DF OF 
 1 Andrej Nestrasil         Andrew Joudrey           60     1   2  2  
 2 Max Friberg              Jordan Szwarz            40     1   2  2  

4 vs 4 Defense
   Defense                  Defense                  Time % Phy DF OF 
 1 Matthew Corrente         Gleason Fournier         60     1   2  2  
 2 Farm Player13            Farm Player17            40     1   2  2  

Last Minutes Offensive
   Center                   Left Wing                Right Wing               Defense                  Defense                  
   Andrej Nestrasil         Max Friberg              Jordan Szwarz            Matthew Corrente         Gleason Fournier         

Last Minutes Defensive
   Center                   Left Wing                Right Wing               Defense                  Defense                  
   Andrej Nestrasil         Max Friberg              Jordan Szwarz            Matthew Corrente         Gleason Fournier         

Goaltenders
Starting : Farm Player80            
Backup : Farm Player100           

Extra Forwards
Normal : Andrew Joudrey, Tanner Richard, Andrej Nestrasil - PP : Andrew Joudrey, Tanner Richard - PK : Andrej Nestrasil
Extra Defensemen
Normal : Farm Player33, Farm Player35, Farm Player39 - PP : Farm Player33 - PK : Farm Player35, Farm Player39
Penalty Shots
Andrej Nestrasil, Farm Player17, Max Friberg, Jordan Szwarz, Andrew Joudrey

% Time on Ice - Aeros

Lines # - Real PCT - Wanted PCT - Time Play
Normal Forward
1 - 30% - 35% - 14:55
2 - 29% - 30% - 14:21
3 - 25% - 22% - 12:25
4 - 17% - 13% - 8:24
Normal Defense
1 - 37% - 35% - 18:27
2 - 29% - 30% - 14:32
3 - 24% - 22% - 12:06
4 - 10% - 13% - 5:00
PP Forward
1 - 39% - 60% - 0:47
2 - 61% - 40% - 1:12
PP Defense
1 - 43% - 60% - 0:51
2 - 57% - 40% - 1:08
PK Forward
1 - 81% - 60% - 6:24
2 - 19% - 40% - 1:32
PK Defense
1 - 70% - 60% - 5:33
2 - 30% - 40% - 2:23
PK3 Forward
1 - 0% - 60%
2 - 0% - 40%
PK3 Defense
1 - 0% - 60%
2 - 0% - 40%
44 Forward
1 - 0% - 60%
2 - 0% - 40%
44 Defense
1 - 0% - 60%
2 - 0% - 40%
Last Minute Offensive  - 0:00
Last Minute Defensive  - 0:00
Total
Forward - 60:00
Defense - 60:00

% Time on Ice - Monsters

Lines # - Real PCT - Wanted PCT - Time Play
Normal Forward
1 - 30% - 35% - 14:47
2 - 36% - 30% - 17:59
3 - 24% - 22% - 12:08
4 - 10% - 13% - 5:11
Normal Defense
1 - 33% - 35% - 16:29
2 - 29% - 30% - 14:32
3 - 17% - 22% - 8:42
4 - 21% - 13% - 10:22
PP Forward
1 - 50% - 60% - 3:57
2 - 50% - 40% - 3:59
PP Defense
1 - 57% - 60% - 4:30
2 - 43% - 40% - 3:26
PK Forward
1 - 100% - 60% - 1:59
2 - 0% - 40% - 0:00
PK Defense
1 - 92% - 60% - 1:50
2 - 8% - 40% - 0:09
PK3 Forward
1 - 0% - 60%
2 - 0% - 40%
PK3 Defense
1 - 0% - 60%
2 - 0% - 40%
44 Forward
1 - 0% - 60%
2 - 0% - 40%
44 Defense
1 - 0% - 60%
2 - 0% - 40%
Last Minute Offensive  - 0:00
Last Minute Defensive  - 0:00
Total
Forward - 60:00
Defense - 60:00

Play by Play

1st period


0:01 of 1st period - Dana Tyrell wins face-off versus Andrej Nestrasil in neutral zone.
0:08 of 1st period - Jason Zucker is hit by Jordan Szwarz and loses puck.
0:29 of 1st period - Snap shot by Jason Zucker.
0:29 of 1st period - Shot Misses the Net.
0:31 of 1st period - Snap shot by Jason Zucker.
0:31 of 1st period - Shot Misses the Net.
0:33 of 1st period - Snap shot by Dana Tyrell.
0:33 of 1st period - Stopped by Farm Player80 with a rebound.
0:35 of 1st period - Wrist shot by Jason Zucker.
0:35 of 1st period - Shot Misses the Net.
0:37 of 1st period - Snap shot by Andrew Gordon.
0:37 of 1st period - Stopped by Farm Player80 with a rebound.
0:49 of 1st period - Snap shot by Cam Janssen.
0:49 of 1st period - Shot Blocked by Max Friberg.
0:51 of 1st period - Snap shot by Cam Janssen.
0:51 of 1st period - Shot Misses the Net.
0:53 of 1st period - Slapshot by Joel Chouinard.
0:53 of 1st period - Stopped by Farm Player80 without a rebound.
0:54 of 1st period - Cam Janssen wins face-off versus Ben Street in Monsters zone.
1:48 of 1st period - Matthew Pistilli is hit by Andrej Nestrasil.
2:09 of 1st period - Max Friberg is hit by Joel Chouinard and loses puck.
2:57 of 1st period - Ilari Melart beats up Matthew Corrente.
2:57 of 1st period - Penalty to Matthew Corrente for Fighting.
2:57 of 1st period - Penalty to Ilari Melart for Fighting.
2:57 of 1st period - Penalty to Ilari Melart for instigated a fight.
2:57 of 1st period - Penalty to Ilari Melart for instigated a fight.
2:58 of 1st period - Andrew Gordon wins face-off versus Raphael Bussieres in Aeros zone.
3:58 of 1st period - Icing by Brett Hextall.
3:59 of 1st period - Tanner Richard wins face-off versus Craig Cunningham in Monsters zone.
4:45 of 1st period - Craig Cunningham is hit by Max Friberg and loses puck.
4:57 of 1st period - Penalty to Ilari Melart is over, Cam Janssen is send on ice.
5:11 of 1st period - Icing by Dana Tyrell.
5:12 of 1st period - Brett Hextall wins face-off versus Andrew Gordon in Aeros zone.
5:21 of 1st period - Wrist shot by Andrew Joudrey.
5:21 of 1st period - Shot Blocked by Joel Chouinard.
5:23 of 1st period - Slapshot by Gleason Fournier.
5:23 of 1st period - Stopped by David Leggio without a rebound.
5:24 of 1st period - Mike Ullrich wins face-off versus Andrew Joudrey in Aeros zone.
6:10 of 1st period - Craig Cunningham is hit by Tanner Richard and loses puck.
6:38 of 1st period - Max Friberg is hit by Cam Janssen and loses puck.
6:53 of 1st period - Wrist shot by Colin Stuart.
6:53 of 1st period - Shot Blocked by Farm Player17.
7:01 of 1st period - Snap shot by Brodie Dupont.
7:01 of 1st period - Shot Misses the Net.
7:03 of 1st period - Wrist shot by Matthew Pistilli.
7:03 of 1st period - Stopped by Farm Player80 with a rebound.
7:05 of 1st period - Slapshot by Matthew Pistilli.
7:05 of 1st period - Shot Blocked by Andrej Nestrasil.
7:07 of 1st period - Wrist shot by Matthew Pistilli.
7:07 of 1st period - Shot Misses the Net.
7:09 of 1st period - Slapshot by Colin Stuart.
7:09 of 1st period - Stopped by Farm Player80 with a rebound.
7:11 of 1st period - Wrist shot by Bretton Stamler.
7:11 of 1st period - Shot Blocked by Farm Player17.
7:13 of 1st period - Snap shot by Joel Chouinard.
7:13 of 1st period - Goal by Joel Chouinard - Aeros : 1 - Monsters : 0.
7:14 of 1st period - Ben Street wins face-off versus Dana Tyrell in neutral zone.
7:17 of 1st period - Slapshot by Ben Street.
7:17 of 1st period - Shot Misses the Net.
7:19 of 1st period - Wrist shot by Gleason Fournier.
7:19 of 1st period - Shot Misses the Net.
7:28 of 1st period - Off-side.
7:29 of 1st period - Ben Street wins face-off versus Dana Tyrell in neutral zone.
7:47 of 1st period - Icing by Gleason Fournier.
7:48 of 1st period - Ben Street wins face-off versus Warren Peters in Monsters zone.
7:57 of 1st period - Cam Janssen is hit by Ben Street and loses puck.
8:48 of 1st period - Andrew Joudrey is hit by Matthew Pistilli and loses puck.
9:06 of 1st period - Snap shot by Matthew Corrente.
9:06 of 1st period - Shot Misses the Net.
9:08 of 1st period - Snap shot by Tanner Richard.
9:08 of 1st period - Shot Misses the Net.
9:56 of 1st period - Raphael Bussieres is hit by Dana Tyrell and loses puck.
10:33 of 1st period - Andrew Joudrey is hit by Scott Campbell and loses puck.
11:32 of 1st period - Wrist shot by Craig Cunningham.
11:32 of 1st period - Goal by Craig Cunningham - Aeros : 2 - Monsters : 0.
11:33 of 1st period - Dana Tyrell wins face-off versus Ben Street in neutral zone.
11:38 of 1st period - Snap shot by Jason Zucker.
11:38 of 1st period - Goal by Jason Zucker - Aeros : 3 - Monsters : 0.
11:39 of 1st period - Ben Street wins face-off versus Dana Tyrell in neutral zone.
11:42 of 1st period - Slapshot by Matthew Corrente.
11:42 of 1st period - Stopped by David Leggio with a rebound.
11:44 of 1st period - Slapshot by Gleason Fournier.
11:44 of 1st period - Stopped by David Leggio with a rebound.
11:46 of 1st period - Wrist shot by Ben Street.
11:46 of 1st period - Stopped by David Leggio with a rebound.
12:08 of 1st period - Backhand shot by Ben Street.
12:08 of 1st period - Stopped by David Leggio with a rebound.
12:10 of 1st period - Wrist shot by Ben Street.
12:10 of 1st period - Stopped by David Leggio without a rebound.
12:11 of 1st period - Tanner Richard wins face-off versus Warren Peters in Aeros zone.
12:42 of 1st period - Snap shot by Craig Cunningham.
12:42 of 1st period - Deflect By Warren Peters.
12:42 of 1st period - Stopped by Farm Player80 with a rebound.
12:50 of 1st period - Slapshot by Ben Street.
12:50 of 1st period - Stopped by David Leggio with a rebound.
13:09 of 1st period - Jon Landry beats up Matthew Corrente.
13:09 of 1st period - Penalty to Matthew Corrente for Fighting.
13:09 of 1st period - Penalty to Jon Landry for Fighting.
13:10 of 1st period - Ben Street wins face-off versus Dana Tyrell in Aeros zone.
13:11 of 1st period - Wrist shot by Brett Hextall.
13:11 of 1st period - Deflect By Ben Street.
13:11 of 1st period - Shot Misses the Net.
13:11 of 1st period - Puck is out of play.
13:12 of 1st period - Dana Tyrell wins face-off versus Brett Hextall in Aeros zone.
15:21 of 1st period - Farm Player35 is hit by Craig Cunningham and loses puck.
16:46 of 1st period - Snap shot by Max Friberg.
16:46 of 1st period - Shot Misses the Net.
16:52 of 1st period - Slapshot by Jason Zucker.
16:52 of 1st period - Shot Misses the Net.
16:54 of 1st period - Wrist shot by Dana Tyrell.
16:54 of 1st period - Shot Misses the Net.
16:56 of 1st period - Wrist shot by Ryan Button.
16:56 of 1st period - Deflect By Jason Zucker.
16:56 of 1st period - Stopped by Farm Player80 with a rebound.
17:20 of 1st period - Snap shot by Colin Stuart.
17:20 of 1st period - Shot Misses the Net.
17:22 of 1st period - Snap shot by Brodie Dupont.
17:22 of 1st period - Shot Misses the Net.
17:24 of 1st period - Snap shot by Colin Stuart.
17:24 of 1st period - Stopped by Farm Player80 with a rebound.
17:26 of 1st period - Wrist shot by Colin Stuart.
17:26 of 1st period - Shot Misses the Net.
17:28 of 1st period - Backhand shot by Ryan Button.
17:28 of 1st period - Shot Misses the Net.
17:57 of 1st period - 10 Minutes Misconduct Penalty to Ilari Melart is over.
18:08 of 1st period - Tanner Richard is hit by Craig Cunningham and loses puck.
19:38 of 1st period - Wrist shot by Andrew Joudrey.
19:38 of 1st period - Shot Hit the Post.
Goals for this period are 3 for Aeros vs 0 for Monsters.
Shots for this period are 11 for Aeros vs 7 for Monsters.

2nd period


0:01 of 2nd period - Andrej Nestrasil wins face-off versus Dana Tyrell in neutral zone.
0:06 of 2nd period - Backhand shot by Max Friberg.
0:06 of 2nd period - Stopped by David Leggio with a rebound.
0:12 of 2nd period - Jordan Szwarz is hit by Jason Zucker and loses puck.
0:19 of 2nd period - Wrist shot by Jason Zucker.
0:19 of 2nd period - Shot Blocked by Jordan Szwarz.
0:21 of 2nd period - Wrist shot by Andrew Gordon.
0:21 of 2nd period - Deflect By Jason Zucker.
0:21 of 2nd period - Shot Blocked by Jordan Szwarz.
0:21 of 2nd period - Puck is out of play.
0:22 of 2nd period - Warren Peters wins face-off versus Ben Street in Monsters zone.
0:27 of 2nd period - Snap shot by Cam Janssen.
0:27 of 2nd period - Stopped by Farm Player80 with a rebound.
0:43 of 2nd period - Snap shot by Ben Street.
0:43 of 2nd period - Shot Misses the Net.
0:47 of 2nd period - Wrist shot by Ben Street.
0:47 of 2nd period - Deflect By Ryan Button.
0:47 of 2nd period - Shot Misses the Net.
0:47 of 2nd period - Puck is out of play.
0:48 of 2nd period - Andrej Nestrasil wins face-off versus Dana Tyrell in Aeros zone.
0:49 of 2nd period - Wrist shot by Jordan Szwarz.
0:49 of 2nd period - Goal by Jordan Szwarz - Aeros : 3 - Monsters : 1.
0:50 of 2nd period - Dana Tyrell wins face-off versus Andrej Nestrasil in neutral zone.
1:41 of 2nd period - Jordan Szwarz is hit by Brodie Dupont and loses puck.
1:54 of 2nd period - Ben Street is hit by Brodie Dupont and loses puck.
2:01 of 2nd period - Brett Hextall is hit by Bretton Stamler and loses puck.
2:10 of 2nd period - Ben Street is hit by Brodie Dupont and loses puck.
2:24 of 2nd period - Minor Penalty to Jon Landry for Hooking.
2:25 of 2nd period - Tanner Richard wins face-off versus Andrew Gordon in Aeros zone.
2:26 of 2nd period - Wrist shot by Brett Hextall.
2:26 of 2nd period - Stopped by David Leggio with a rebound.
3:35 of 2nd period - Max Friberg is hit by Bretton Stamler and loses puck.
4:03 of 2nd period - Brett Hextall is hit by Bretton Stamler.
4:13 of 2nd period - Jordan Szwarz is hit by Colin Stuart and loses puck.
4:24 of 2nd period - Penalty to Jon Landry is over, Jon Landry is back on ice.
4:34 of 2nd period - Minor Penalty to Farm Player13 for Hooking.
4:35 of 2nd period - Danny Hobbs wins face-off versus Andrej Nestrasil in Monsters zone.
5:54 of 2nd period - Andrew Joudrey is hit by Jon Landry and loses puck.
6:34 of 2nd period - Penalty to Farm Player13 is over, Farm Player13 is back on ice.
6:34 of 2nd period - Ben Street is hit by Danny Hobbs and loses puck.
7:09 of 2nd period - Max Friberg is hit by Scott Campbell.
7:44 of 2nd period - Raphael Bussieres is hit by Dana Tyrell and loses puck.
8:30 of 2nd period - Jason Zucker is hit by Jordan Szwarz and loses puck.
8:53 of 2nd period - Wrist shot by Andrew Joudrey.
8:53 of 2nd period - Shot Blocked by Warren Peters.
9:15 of 2nd period - Icing by Jani Hakanpaa.
9:16 of 2nd period - Ben Street wins face-off versus Mike Ullrich in Aeros zone.
9:21 of 2nd period - Wrist shot by Brett Hextall.
9:21 of 2nd period - Stopped by David Leggio with a rebound.
9:25 of 2nd period - Slapshot by Raphael Bussieres.
9:25 of 2nd period - Stopped by David Leggio with a rebound.
9:27 of 2nd period - Snap shot by Ben Street.
9:27 of 2nd period - Stopped by David Leggio with a rebound.
9:29 of 2nd period - Slapshot by Raphael Bussieres.
9:29 of 2nd period - Shot Misses the Net.
9:31 of 2nd period - Snap shot by Ben Street.
9:31 of 2nd period - Goal by Ben Street - Aeros : 3 - Monsters : 2.
9:32 of 2nd period - Brodie Dupont wins face-off versus Andrej Nestrasil in neutral zone.
10:25 of 2nd period - Wrist shot by Ben Street.
10:25 of 2nd period - Goal by Ben Street - Aeros : 3 - Monsters : 3.
10:26 of 2nd period - Ben Street wins face-off versus Andrew Gordon in neutral zone.
10:43 of 2nd period - Wrist shot by Ben Street.
10:43 of 2nd period - Deflect By Brett Hextall.
10:43 of 2nd period - Shot Misses the Net.
10:43 of 2nd period - Puck is out of play.
10:44 of 2nd period - Dana Tyrell wins face-off versus Ben Street in Aeros zone.
11:24 of 2nd period - Andrej Nestrasil is hit by Craig Cunningham and loses puck.
11:30 of 2nd period - Off-side.
11:31 of 2nd period - Andrej Nestrasil wins face-off versus Warren Peters in neutral zone.
12:22 of 2nd period - Farm Player13 is hit by Colin Stuart and loses puck.
12:28 of 2nd period - Ilari Melart beats up Raphael Bussieres.
12:28 of 2nd period - Penalty to Raphael Bussieres for Fighting.
12:28 of 2nd period - Penalty to Ilari Melart for Fighting.
12:29 of 2nd period - Dana Tyrell wins face-off versus Andrej Nestrasil in neutral zone.
14:32 of 2nd period - Snap shot by Cam Janssen.
14:32 of 2nd period - Shot Misses the Net.
14:34 of 2nd period - Snap shot by Craig Cunningham.
14:34 of 2nd period - Shot Blocked by Farm Player33.
14:36 of 2nd period - Wrist shot by Warren Peters.
14:36 of 2nd period - Shot Misses the Net.
14:38 of 2nd period - Snap shot by Cam Janssen.
14:38 of 2nd period - Stopped by Farm Player80 without a rebound.
14:39 of 2nd period - Mike Ullrich wins face-off versus Brett Hextall in Monsters zone.
14:44 of 2nd period - Backhand shot by Danny Hobbs.
14:44 of 2nd period - Shot Blocked by Brett Hextall.
14:46 of 2nd period - Slapshot by Bretton Stamler.
14:46 of 2nd period - Shot Blocked by Farm Player17.
15:10 of 2nd period - Jordan Szwarz is hit by Mike Ullrich.
15:45 of 2nd period - Andrew Gordon is hit by Brett Hextall and loses puck.
15:52 of 2nd period - Farm Player13 is hit by Jon Landry and loses puck.
16:16 of 2nd period - Icing by Brett Hextall.
16:17 of 2nd period - Ben Street wins face-off versus Warren Peters in Monsters zone.
16:50 of 2nd period - Tanner Richard is hit by Cam Janssen and loses puck.
17:30 of 2nd period - Minor Penalty to Colin Stuart for Roughing.
17:31 of 2nd period - Tanner Richard wins face-off versus Dana Tyrell in Aeros zone.
17:56 of 2nd period - Andrew Gordon is hit by Raphael Bussieres and loses puck.
18:17 of 2nd period - Snap shot by Max Friberg.
18:17 of 2nd period - Shot Misses the Net.
18:19 of 2nd period - Slapshot by Gleason Fournier.
18:19 of 2nd period - Shot Misses the Net.
18:29 of 2nd period - Gleason Fournier is hit by Andrew Gordon and loses puck.
18:40 of 2nd period - Jani Hakanpaa is hit by Brett Hextall.
18:52 of 2nd period - Dana Tyrell is hit by Farm Player13 and loses puck.
19:21 of 2nd period - Snap shot by Cam Janssen.
19:21 of 2nd period - Stopped by Farm Player80 with a rebound.
19:27 of 2nd period - Snap shot by Brett Hextall.
19:27 of 2nd period - Stopped by David Leggio with a rebound.
19:30 of 2nd period - Penalty to Colin Stuart is over, Colin Stuart is back on ice.
Goals for this period are 0 for Aeros vs 3 for Monsters.
Shots for this period are 3 for Aeros vs 9 for Monsters.

3rd period


0:01 of 3rd period - Andrej Nestrasil wins face-off versus Dana Tyrell in neutral zone.
0:07 of 3rd period - Matthew Corrente and Jon Landry fight to a draw.
0:07 of 3rd period - Penalty to Matthew Corrente for Fighting.
0:07 of 3rd period - Matthew Corrente is ejected from game.
0:07 of 3rd period - Penalty to Jon Landry for Fighting.
0:08 of 3rd period - Dana Tyrell wins face-off versus Andrej Nestrasil in neutral zone.
0:55 of 3rd period - Joel Chouinard is hit by Andrej Nestrasil and loses puck.
1:12 of 3rd period - Raphael Bussieres is hit by Bretton Stamler and loses puck.
1:37 of 3rd period - Off-side.
1:38 of 3rd period - Brodie Dupont wins face-off versus Andrew Joudrey in neutral zone.
1:59 of 3rd period - Wrist shot by Andrew Joudrey.
1:59 of 3rd period - Shot Misses the Net.
2:10 of 3rd period - Gleason Fournier is hit by Brodie Dupont and loses puck.
2:25 of 3rd period - Gleason Fournier is hit by Danny Hobbs and loses puck.
2:32 of 3rd period - Ben Street is hit by Danny Hobbs and loses puck.
2:41 of 3rd period - Slapshot by Ben Street.
2:41 of 3rd period - Shot Misses the Net.
3:21 of 3rd period - Wrist shot by Brett Hextall.
3:21 of 3rd period - Shot Misses the Net.
3:44 of 3rd period - Andrew Joudrey is hit by Scott Campbell and loses puck.
4:42 of 3rd period - Snap shot by Brett Hextall.
4:42 of 3rd period - Shot Misses the Net.
4:51 of 3rd period - Off-side.
4:52 of 3rd period - Warren Peters wins face-off versus Andrej Nestrasil in neutral zone.
5:03 of 3rd period - Snap shot by Jordan Szwarz.
5:03 of 3rd period - Stopped by David Leggio with a rebound.
5:48 of 3rd period - Snap shot by Matthew Pistilli.
5:48 of 3rd period - Stopped by Farm Player80 with a rebound.
5:50 of 3rd period - Wrist shot by Matthew Pistilli.
5:50 of 3rd period - Stopped by Farm Player80 with a rebound.
5:52 of 3rd period - Slapshot by Brodie Dupont.
5:52 of 3rd period - Shot Misses the Net.
5:54 of 3rd period - Snap shot by Brodie Dupont.
5:54 of 3rd period - Goal by Brodie Dupont - Aeros : 4 - Monsters : 3.
5:55 of 3rd period - Brodie Dupont wins face-off versus Andrew Joudrey in neutral zone.
6:06 of 3rd period - Wrist shot by Colin Stuart.
6:06 of 3rd period - Shot Misses the Net.
7:09 of 3rd period - Wrist shot by Max Friberg.
7:09 of 3rd period - Stopped by David Leggio with a rebound.
7:43 of 3rd period - Warren Peters is hit by Andrew Joudrey and loses puck.
9:03 of 3rd period - Farm Player18 is hit by Scott Campbell and loses puck.
9:27 of 3rd period - Raphael Bussieres is hit by Jason Zucker and loses puck.
10:20 of 3rd period - Joel Chouinard is hit by Andrew Joudrey and loses puck.
10:25 of 3rd period - Snap shot by Andrew Joudrey.
10:25 of 3rd period - Shot Misses the Net.
10:27 of 3rd period - Slapshot by Farm Player17.
10:27 of 3rd period - Stopped by David Leggio with a rebound.
10:29 of 3rd period - Wrist shot by Andrew Joudrey.
10:29 of 3rd period - Stopped by David Leggio with a rebound.
10:31 of 3rd period - Wrist shot by Andrej Nestrasil.
10:31 of 3rd period - Shot Misses the Net.
13:08 of 3rd period - Snap shot by Matthew Pistilli.
13:08 of 3rd period - Shot Misses the Net.
13:10 of 3rd period - Slapshot by Jon Landry.
13:10 of 3rd period - Stopped by Farm Player80 with a rebound.
13:12 of 3rd period - Snap shot by Colin Stuart.
13:12 of 3rd period - Stopped by Farm Player80 with a rebound.
13:14 of 3rd period - Slapshot by Jon Landry.
13:14 of 3rd period - Shot Blocked by Gleason Fournier.
13:16 of 3rd period - Slapshot by Jon Landry.
13:16 of 3rd period - Shot Blocked by Gleason Fournier.
13:18 of 3rd period - Slapshot by Matthew Pistilli.
13:18 of 3rd period - Shot Misses the Net.
13:34 of 3rd period - Snap shot by Craig Cunningham.
13:34 of 3rd period - Shot Misses the Net.
13:36 of 3rd period - Slapshot by Cam Janssen.
13:36 of 3rd period - Stopped by Farm Player80 with a rebound.
14:25 of 3rd period - Farm Player18 is hit by Danny Hobbs and loses puck.
14:59 of 3rd period - Off-side.
15:00 of 3rd period - Warren Peters wins face-off versus Tanner Richard in neutral zone.
15:09 of 3rd period - Slapshot by Craig Cunningham.
15:09 of 3rd period - Deflect By Cam Janssen.
15:09 of 3rd period - Deflect By Tanner Richard.
15:09 of 3rd period - Goal by Cam Janssen - Aeros : 5 - Monsters : 3.
15:10 of 3rd period - Andrej Nestrasil wins face-off versus Dana Tyrell in neutral zone.
15:17 of 3rd period - Slapshot by Max Friberg.
15:17 of 3rd period - Stopped by David Leggio with a rebound.
15:39 of 3rd period - Wrist shot by Raphael Bussieres.
15:39 of 3rd period - Shot Misses the Net.
16:02 of 3rd period - Off-side.
16:03 of 3rd period - Warren Peters wins face-off versus Tanner Richard in neutral zone.
16:06 of 3rd period - Max Friberg is hit by Warren Peters and loses puck.
16:45 of 3rd period - Minor Penalty to Warren Peters for Hooking.
16:46 of 3rd period - Tanner Richard wins face-off versus Andrew Gordon in Aeros zone.
16:55 of 3rd period - Snap shot by Brett Hextall.
16:55 of 3rd period - Shot Misses the Net.
17:43 of 3rd period - Snap shot by Andrew Gordon.
17:43 of 3rd period - Stopped by Farm Player80 with a rebound.
17:45 of 3rd period - Slapshot by Dana Tyrell.
17:45 of 3rd period - Stopped by Farm Player80 with a rebound.
17:47 of 3rd period - Slapshot by Joel Chouinard.
17:47 of 3rd period - Shot Misses the Net.
17:49 of 3rd period - Snap shot by Dana Tyrell.
17:49 of 3rd period - Stopped by Farm Player80 with a rebound.
17:49 of 3rd period - Farm Player80 from Monsters is injured at 17:49 of 3rd period (Sore Right Knee).
17:49 of 3rd period - Farm Player100 enters game.
17:50 of 3rd period - Andrew Gordon wins face-off versus Andrej Nestrasil in Monsters zone.
17:57 of 3rd period - Dana Tyrell is hit by Gleason Fournier and loses puck.
18:40 of 3rd period - Dana Tyrell is hit by Brett Hextall and loses puck.
18:45 of 3rd period - Penalty to Warren Peters is over, Warren Peters is back on ice.
18:56 of 3rd period - Snap shot by Brett Hextall.
18:56 of 3rd period - Stopped by David Leggio with a rebound.
18:58 of 3rd period - Snap shot by Raphael Bussieres.
18:58 of 3rd period - Shot Misses the Net.
19:00 of 3rd period - Wrist shot by Brett Hextall.
19:00 of 3rd period - Shot Misses the Net.
19:02 of 3rd period - Slapshot by Farm Player13.
19:02 of 3rd period - Deflect By Brett Hextall.
19:02 of 3rd period - Shot Misses the Net.
19:02 of 3rd period - Puck is out of play.
19:03 of 3rd period - Andrew Joudrey wins face-off versus Brodie Dupont in Aeros zone.
19:28 of 3rd period - Icing by Joel Chouinard.
19:29 of 3rd period - Ben Street wins face-off versus Matthew Pistilli in Aeros zone.
19:42 of 3rd period - Snap shot by Brett Hextall.
19:42 of 3rd period - Stopped by David Leggio without a rebound.
19:43 of 3rd period - Ben Street wins face-off versus Warren Peters in Aeros zone.
Goals for this period are 2 for Aeros vs 0 for Monsters.
Shots for this period are 10 for Aeros vs 7 for Monsters.


Output by the SimonT Hockey Simulator (STHS) for Eric Dolegowski -- Original Page W3C XHTML 1.0 Valid
Hockey Simulator - Hockey Simulation - Hockey Manager